 Dungeon Crawl Stone Soup version 0.26-a0-651-gb41185065b (webtiles) character file.

Game seed: 9815817414226581127

702 Lanoc the Slasher (level 7, -9/66 HPs)
             Began as a Deep Dwarf Monk on Oct 21, 2020.
             Mangled by an ice beast (11 damage)
             ... on level 5 of the Dungeon.
             The game lasted 00:05:56 (2105 turns).

Lanoc the Slasher (Deep Dwarf Monk)                 Turns: 2105, Time: 00:05:57

Health: -9/66      AC:  2    Str: 14    XL:     7   Next: 38%
Magic:  5/5        EV: 16    Int: 11    God:
Gold:   253        SH:  0    Dex: 17    Spells: 6/6 levels left

rFire    . . .     SeeInvis .   f - +3 short sword (freeze)
rCold    . . .     Faith    .   (no shield)
rNeg     . . .     Spirit   .   b - +0 robe
rPois    .         Reflect  .   (no helmet)
rElec    .         Harm     .   (no cloak)
rCorr    .         Rampage  .   (no gloves)
MR       +....                  (no boots)
Stlth    ++........             (no amulet)
HPRegen  0.00/turn              (no ring)
MPRegen  0.09/turn              (no ring)

@: non-regenerating
A: damage resistance, heal wounds, sense surroundings 1, no regeneration
a: Heal Wounds


You were on level 5 of the Dungeon.
You visited 1 branch of the dungeon, and saw 5 of its levels.
You also visited: Ossuary.

You collected 253 gold pieces.

Inventory:

Hand Weapons
 a - a +0 falchion
 f - a +3 short sword of freezing (weapon)
Armour
 b - a +0 robe (worn)
Scrolls
 c - 4 scrolls of remove curse
 d - 6 scrolls of identify
 e - a scroll of blinking
 i - a scroll of magic mapping {unknown}
 j - a scroll of fog {unknown}
 k - a scroll of teleportation {unknown}
Potions
 g - 2 potions of heal wounds
 l - a potion of invisibility


   Skills:
 + Level 4.5 Fighting
 * Level 6.5 Long Blades
 + Level 5.5 Dodging
 - Level 2.4 Stealth


You had 6 spell levels left.
You didn't know any spells.
Your spell library was empty.

Dungeon Overview and Level Annotations

Branches:
Dungeon (5/15)            Ossuary (visited)
 Temple: D:4-7

Altars:
Sif Muna
The Shining One

Annotations:
D:3 3 runed translucent doors, Mesmaeker13's ghost, amateur DEAE
D:4 2 transporters, PanSaczeczos's ghost, novice BaFi


Innate Abilities, Weirdness & Mutations

You are resistant to damage.
You can heal yourself by infusing magical energy.
You passively map a small area around you.
You do not regenerate.


Message History

The ice beast is almost dead.
The ice beast closely misses you.
You hit the ice beast but do no damage.
The ice beast is almost dead.
The ice beast barely misses you.
You hit the ice beast.
The ice beast is almost dead.
The ice beast completely misses you.
You barely miss the ice beast.
The ice beast is almost dead.
The ice beast hits you but does no damage.
You hit the ice beast but do no damage.
The ice beast is almost dead.
The ice beast misses you.
You barely miss the ice beast.
The ice beast is almost dead.
The ice beast hits you.
* * * LOW HITPOINT WARNING * * *
The ice beast freezes you!
You die...

.....# ##..<.##....... #..,
,#.....######...#.##8...8.. .. ,
.............###.# * ###8 #.##
............#...######### ...
##....................##.
..#######................###.....
......#....#....................#
..##.......##....$...#....##...#.
..#........#....@....#.##........
.........†......Y.#..$.#.....##.†
#.....(§§.........############...
.......♣§P♣.....#.# ,* #...♣.
.....♣♣♣P§♣♣....#P.P ,, *#.P♣.♣
..PP.♣♣.P♣≈♣§♣♣.P♣♣.P * ♣...P.
.....♣.P§♣♣PP..P.P..., ,P..♣...
(.P♣♣..P.P...#...#.P., .♣P♣..♣
..♣♣♣♣..♣..§§..Y.... P ♣.


You could see an ice beast.

Vanquished Creatures
  An ogre (D:5)
  An elf zombie (Ossuary)
  2 scorpions (D:4)
  A centaur skeleton (D:5)
  A hound (D:4)
  An orc priest (D:3)
  Jessica (D:3)
  An orc wizard (D:3)
  2 worker ants
  3 big kobold zombies (Ossuary)
  A hound zombie (Ossuary)
  5 mummies
  3 adders (D:3)
  A gnoll (D:5)
  2 river rats (D:5)
  An ooze (D:3)
  2 adder skeletons (D:4)
  2 worms
  2 dart slugs
  4 leopard geckos
  6 orcs (D:3)
  4 hobgoblins
  2 jackals (D:4)
  2 quokkas (D:3)
  2 bats (D:3)
  2 frilled lizards (D:3)
  A gnoll zombie (Ossuary)
  3 goblins (D:3)
  A jackal zombie (Ossuary)
  5 kobolds (D:3)
  2 kobold zombies
  4 orc zombies
  3 rats
  A rat zombie (Ossuary)
75 creatures vanquished.

Vanquished Creatures (others)
  9 plants (D:5)
9 creatures vanquished.

Grand Total: 84 creatures vanquished

Notes
Turn   | Place    | Note
-------+----------+-------------------------------------------
     0 | D:1      | Lanoc the Deep Dwarf Monk began the quest for the Orb.
     0 | D:1      | Reached XP level 1. HP: 20/20 MP: 1/1
   300 | D:2      | Reached XP level 2. HP: 17/27 MP: 2/2
   557 | D:3      | Reached XP level 3. HP: 15/34 MP: 3/3
   599 | D:3      | Noticed Jessica
   613 | D:3      | Killed Jessica
   613 | D:3      | Reached skill level 4 in Long Blades
   619 | D:3      | Reached XP level 4. HP: 21/42 MP: 4/4
   884 | D:3      | Reached XP level 5. HP: 43/49 MP: 5/5
  1014 | D:3      | Found a runed translucent gate.
  1014 | D:3      | Found a runed translucent gate.
  1014 | D:3      | Found a runed translucent gate.
  1015 | D:3      | Noticed Mesmaeker13's ghost (amateur DEAE)
  1183 | D:4      | Reached skill level 5 in Long Blades
  1279 | D:4      | Found a transporter.
  1279 | D:4      | Noticed PanSaczeczos's ghost (novice BaFi)
  1284 | D:4      | Found a transporter.
  1369 | D:4      | Reached XP level 6. HP: 37/57 MP: 6/6
  1385 | D:4      | Found a sand-covered staircase.
  1394 | Ossuary  | Entered an ossuary
  1484 | Ossuary  | Reached skill level 5 in Dodging
  1638 | Ossuary  | Reached skill level 6 in Long Blades
  1885 | D:4      | Reached XP level 7. HP: 49/66 MP: 5/5
  1960 | D:5      | Entered Level 5 of the Dungeon
  2001 | D:5      | Found a shimmering blue altar of Sif Muna.
  2012 | D:5      | Found a glowing golden altar of the Shining One.
  2105 | D:5      | HP: 2/66 [ice beast (4)]
  2105 | D:5      | Mangled by an ice beast

Illustrated notes

Levels and vault maps discovered:
D:1:      enne_arrival_octagon_isle, layout_basic, due_unseen_surprise
D:2:      layout_loops_corners
D:3:      layout_basic, ebering_ghost_rock_garden, uniq_jessica
D:4:      layout_rooms, gammafunk_ghost_mausoleum, nicolae_ossuary_entry_giza,
          st_stairs_6
D:5:      wad_woods_stonehenge, layout_cave_pools,
          nicolae_overflow_hidden_temple, minmay_temple_entry_glassed_door

Skill      XL: |  1  2  3  4  5  6 |
---------------+-------------------+-----
Fighting       | 3 4 |  4.5
Long Blades    | 4 5 6 |  6.5
Dodging        | 4 5 |  5.5
Stealth        | |  2.4

Action                   |  1- 3 |  4- 6 |  7- 9 || total
-------------------------+-------+-------+-------++-------
Melee: Falchion          |    71 |     6 |       ||    77
       Short sword       |       |   277 |    45 ||   322
 Abil: Heal Wounds       |     1 |     4 |       ||     5
  Use: Potion            |     1 |     7 |       ||     8
       Scroll            |       |     3 |       ||     3
 Stab: Sleeping          |       |     3 |       ||     3
       Distracted        |       |     1 |       ||     1
Armor: Robe              |     3 |    29 |     2 ||    34
       Skin              |       |    51 |       ||    51
Dodge: Dodged            |    39 |   185 |    36 ||   260
       Rpst.: Falchion   |    11 |     2 |       ||    13

Table legend: (Time is in decaauts)
 A = Elapsed time spent in this place.
 B = Non-inter-level travel time spent in this place.
 C = Inter-level travel time spent in this place.
 D = Time resting spent in this place.
 E = Time spent auto-exploring this place.
 F = Levels seen in this place.
 G = Mean time per level.
                   A        B        C        D        E       F      G
               +--------+--------+--------+--------+--------+-----+--------+
         Total |   2085 |   2039 |     46 |      0 |   1154 |   6 |  347.5 |
       Dungeon |   1809 |   1763 |     46 |      0 |   1072 |   5 |  361.8 |
       Ossuary |    276 |    276 |      0 |      0 |     82 |   1 |  276.0 |
               +--------+--------+--------+--------+--------+-----+--------+

Top non-repeatable levels by time:
     D:3: 664 daAuts
     D:4: 519 daAuts
     D:2: 426 daAuts
 Ossuary: 276 daAuts
     D:5: 141 daAuts
     D:1: 56 daAuts
